cohdb
Replays
Latest Replays
All Replays
Popular Replays
Top Player Replays
Match Explorer
How It Works
Community
CoH3 Stats
Reddit
Sign in to upload your games and track your stats! →
Sign in with Steam
Match 43479696
Unlisted
Match 43479696
Overview
Messages
Build Orders
End
Vickers Machine Gun Team
Construct Section Command Post
Infantry Section
Infantry Section
ML 3-inch Mortar Team
Construct Platoon Command Post
Selects Air and Sea Battlegroup
Selects Supply Surplus
Construct Resource Cache
Humber Armored Car
Humber Armored Car
Grenade Package
Selects Commando Section Paradrop
Commando Section Paradrop
Construct Resource Cache
Construct Resource Cache
Construct Company Command Post
Unlock M3 Grant Medium Tanks
M3 Grant Medium Tank
CMP 15cwt Truck
Selects M1 Pack Howitzer Paradrop
Selects Anti-tank Rocket Loiter
Anti-tank Rocket Loiter
M3 Grant Medium Tank
JT9001
admiral_gnar
Bruno Kalito
evilred
Rinking
Falcon-皓
0
0
Comments
sign in to comment!
No comments posted yet!